 Dungeon Crawl Stone Soup version 0.26.1-12-g5ba1501909 (webtiles) character file.

Game seed: 17367438474455792438

123 Zeld the Sneak (level 5, 0/36 HPs)
             Began as an Octopode Brigand on Oct 28, 2021.
             Succumbed to an adder's poison
             ... in a sewer.
             The game lasted 00:02:39 (2741 turns).

Zeld the Sneak (Octopode Brigand)                   Turns: 2741, Time: 00:02:40

Health: 0/36       AC:  1    Str: 10    XL:     5   Next: 7%
Magic:  5/5        EV: 13    Int: 14    God:
Gold:   244        SH:  0    Dex: 14    Spells: 4/4 levels left

rFire    . . .     SeeInvis .   a - +2 dagger
rCold    . . .     Faith    .   (no shield)
rNeg     . . .     Spirit   .   (helmet restricted)
rPois    .         Reflect  .   (no amulet)
rElec    .         Harm     .   (no ring)
rCorr    .         Rampage  .   (no ring)
Will     .....                  (no ring)
Stlth    ++++......             (no ring)
HPRegen  0.12/turn              (no ring)
MPRegen  0.09/turn              (no ring)
                                (no ring)
                                (no ring)

@: lethally poisoned (0 -> -3)
A: almost no armour, stealthy swim, amphibious, 8 rings, constrict 8, camouflage
1, gelatinous body 1
a: no special abilities


You were in a sewer.
You visited 1 branch of the dungeon, and saw 3 of its levels.
You also visited: Sewer.

You collected 244 gold pieces.

Inventory:

Hand Weapons
 a - a +2 dagger (weapon)
Missiles
 b - 8 poisoned darts (quivered)
 c - 2 curare-tipped darts
Jewellery
 f - a cursed -4 ring of strength {unknown}
Scrolls
 e - 2 scrolls of teleportation {unknown}
 h - a scroll of fear {unknown}
 i - a scroll of immolation {unknown}
 j - 2 scrolls of identify {unknown}
 l - 2 scrolls of blinking {unknown}
 n - a scroll of random uselessness {unknown}
Potions
 d - a potion of degeneration {unknown}
 g - 2 potions of curing {unknown}
 k - a potion of flight {unknown}
 m - a potion of attraction {unknown}


   Skills:
 * Level 3.0 Fighting
 * Level 3.0 Short Blades
 * Level 3.1 Throwing
 + Level 1.8 Dodging
 + Level 5.7 Stealth


You had 4 spell levels left.
You didn't know any spells.
Your spell library was empty.

Dungeon Overview and Level Annotations

Branches:
Dungeon (3/15)              Sewer (1/1)

Altars:
Elyvilon


Innate Abilities, Weirdness & Mutations

You cannot wear most types of armour.
You are very stealthy in the water. (Stealth+)
You are amphibious.
You can wear up to eight rings at the same time.
You can use your tentacles to constrict eight enemies at once.
Your skin changes colour to match your surroundings (Stealth+).
Your rubbery body absorbs attacks. (AC +1, EV +1)


Message History

You are lethally poisoned!
The adder poisons you!
The world spins around you as you enter the gateway.
You enter a sewer!
* * * LOW HITPOINT WARNING * * *
You feel sick.
There is an empty arch of ancient stone here.
Unknown command.
There is a lethal amount of poison in your body!
* * * LOW HITPOINT WARNING * * *
You feel sick.
* * * LOW HITPOINT WARNING * * *
You feel sick.
* * * LOW HITPOINT WARNING * * *
You feel sick.
* * * LOW HITPOINT WARNING * * *
You feel sick.
* * * LOW HITPOINT WARNING * * *
You feel sick.
You die...

. ..
...
...
..#
###..#
#@..#
#####


There were no monsters in sight!

Vanquished Creatures
  7 adders
  A river rat (D:3)
  An ooze (D:1)
  A worm (D:2)
  A dart slug (D:1)
  A leopard gecko (D:2)
  An orc (D:3)
  5 bats
  4 giant cockroaches
  2 goblins
  5 hobgoblins
  2 jackals (D:2)
  A ball python (D:3)
  4 frilled lizards
  5 kobolds
  4 rats
45 creatures vanquished.

Notes
Turn   | Place    | Note
-------+----------+-------------------------------------------
     0 | D:1      | Zeld the Octopode Brigand began the quest for the Orb.
     0 | D:1      | Reached XP level 1. HP: 14/14 MP: 1/1
   230 | D:1      | Reached XP level 2. HP: 8/19 MP: 2/2
   825 | D:1      | Reached XP level 3. HP: 23/25 MP: 3/3
  1103 | D:2      | Reached XP level 4. HP: 16/30 MP: 4/4
  1663 | D:2      | Found a white marble altar of Elyvilon.
  2478 | D:3      | Found a glowing drain.
  2485 | D:3      | Reached XP level 5. HP: 8/36 MP: 5/5
  2730 | Sewer    | Entered a sewer
  2739 | Sewer    | HP: 1/36 [poisoned by an adder]
  2741 | Sewer    | Succumbed to an adder's poison

Illustrated notes

Levels and vault maps discovered:
D:1:      ebering_trefoil_twist, layout_rooms
D:2:      layout_loops_ring, elyvilon_altar_1, minmay_pentomino_t2
D:3:      layout_loops_ring, portal_sewer_entry_a
Sewer:    sewer_minmay_treatment

Skill      XL: |  1  2  3  4  5 |
---------------+----------------+-----
Throwing       | 3 |  3.1
Fighting       | 3 |  3.0
Short Blades   | 3 |  3.0
Dodging        | |  1.8
Stealth        | |  5.7

Action                   |  1- 3 |  4- 6 || total
-------------------------+-------+-------++-------
Melee: Dagger            |    57 |    44 ||   101
       Constrict         |    10 |    11 ||    21
       Tentacles         |     2 |     6 ||     8
 Stab: Sleeping          |     9 |     8 ||    17
Armor: Skin              |     3 |     6 ||     9
Dodge: Dodged            |    42 |    37 ||    79
